 Dungeon Crawl Stone Soup version 0.17-a0-1373-g64d4c99 (webtiles) character file.

295 bal the Ruffian (level 6, -1/57 HPs)
             Began as a Troll Transmuter on June 13, 2015.
             Was a Follower of Dithmenos.
             Splashed by a jelly's acid (8 damage)
             ... on level 5 of the Dungeon.
             The game lasted 00:13:46 (3382 turns).

bal the Ruffian (Troll Transmuter)                  Turns: 3382, Time: 00:13:48

Health: -1/57      AC: -3    Str: 25    XL:     6   Next: 11%
Magic:  6/7        EV: 10    Int: 10    God:    Dithmenos [*.....]
Gold:   156        SH:  0    Dex: 10    Spells: 2 memorised, 5 levels left

rFire  . . .     SeeInvis .     J - +2 dagger (holy)
rCold  . . .     Clarity  +     b - +1 robe
rNeg   + . .     SustAt   .     (no shield)
rPois  .         Gourm    +     (helmet restricted)
rElec  .         Spirit   .     y - +0 cloak
rCorr  .         Warding  +     (gloves unavailable)
rMut   .         Stasis   .     (boots unavailable)
MR     .....                    E - amulet of warding
Stlth  +.........               (no ring)
                                w - +3 ring of strength

@: corroded equipment, wreathed by umbra, not resistant to hostile enchantments,
very unstealthy
A: unfitting armour, claws 3, blurry vision 1, clarity, fast metabolism 3,
gourmand, regeneration 2, shaggy fur 1, spit poison 1, strong 1, tough skin 2
a: Spit Poison, Renounce Religion


You were on level 5 of the Dungeon.
You worshipped Dithmenos.
Dithmenos was aware of your devotion.
You were not hungry.

You visited 1 branch of the dungeon, and saw 5 of its levels.

You collected 156 gold pieces.

Inventory:

Hand weapons
 g - a +0 whip of pain
 i - a cursed -3 dagger
 t - a +2 hand axe of chopping
 x - a +2 quarterstaff of chaos
 D - a +0 club
 J - a +2 dagger of holy wrath (weapon)
Missiles
 a - 18 arrows
 k - 12 tomahawks
 H - 5 poisoned javelins (quivered)
Armour
 b - a +1 robe (worn)
 y - a +0 cloak (worn)
Jewellery
 w - a +3 ring of strength (left claw)
 E - an amulet of warding (around neck)
Magical devices
 p - a wand of polymorph (10)
 C - a wand of random effects (4)
Scrolls
 e - a scroll of blinking {unknown}
 l - 2 scrolls of remove curse
 m - a scroll of identify
 u - 4 scrolls of amnesia
 z - a scroll of teleportation
 F - a scroll of enchant armour
Potions
 f - a potion of haste
 h - 2 potions of heal wounds
 n - a potion of curing
 v - 2 potions of resistance
 B - a potion of magic
Books
 c - a book of Changes

   Spells                             Type                      Level
   a - Beastly Appendage              Transmutation                1
   b - Sticks to Snakes               Transmutation                2
   c - Spider Form                    Transmutation/Poison         3
   d - Ice Form                       Ice/Transmutation            4
   e - Blade Hands                    Transmutation                5
Comestibles
 d - 2 bread rations
 j - 2 beef jerkies
 o - 5 chunks of flesh
 r - 6 fruits
 s - 2 royal jellies


   Skills:
 + Level 1.7 Fighting
 + Level 0.4 Staves
 + Level 0.8 Throwing
 + Level 2.9 Dodging
 + Level 1.0 Stealth
 + Level 3.9 Unarmed Combat
 + Level 1.9 Spellcasting
 + Level 2.2 Transmutations


You had 5 spell levels left.
You knew the following spells:

 Your Spells              Type           Power        Failure   Level  Hunger
a - Beastly Appendage     Trmt           #.....       14%         1    ##.....
b - Sticks to Snakes      Trmt           #.........   21%         2    ###....


Dungeon Overview and Level Annotations

Branches:
Dungeon (5/15)
 Temple: D:4-7

Altars:
Cheibriados
Dithmenos
The Shining One


Innate Abilities, Weirdness & Mutations

You are too large for most types of armour.
You have claws for hands.
Your metabolism is lightning-fast.
You like to eat raw meat.
You heal very quickly.
You are covered in fur (AC +1).
You have very tough skin (AC +2).
Scrolls take you a little longer to read.
You possess an exceptional clarity of mind.
You can spit weak poison.
Your muscles are strong. (Str +2)


Message History

You hit the jelly.
Your claws burn!
The jelly is heavily wounded.
The jelly barely misses you.
You barely miss the jelly.
The jelly is heavily wounded.
The jelly misses you.
You hit the jelly but do no damage.
Your claws burn!
The jelly is heavily wounded.
The jelly hits you.
You are splashed with acid!
The acid burns!
You hit the jelly.
Your claws burn!
The jelly is heavily wounded.
The jelly hits you.
You are splashed with acid!
The acid burns!
* * * LOW HITPOINT WARNING * * *
You hit the jelly but do no damage.
Your claws burn!
* * * LOW HITPOINT WARNING * * *
The jelly is heavily wounded.
The jelly hits you.
* * * LOW HITPOINT WARNING * * *
You are splashed with acid!
The acid burns!
You die...

#.##..#.####
.#.###
#.##........ .#.#
#.##÷##.#### ## #
#.......# #+##
####.#### #...#
#.## #..... #..##
#......
##...####.......
#.....@Jo.......
###...####.....>.
#...### ≈≈.....
#..## #≈.....
#..# ≈#...# ##.#
≈##+## #.# # #.#
#.#


You could see a jelly and an orc.

Vanquished Creatures
  A scorpion (D:4)
  Crazy Yiuf (D:2)
  An orc priest (D:3)
  A worker ant (D:4)
  A gnoll (D:1)
  4 adders
  A shadow imp (D:5)
  4 worms
  2 giant geckos
  6 orcs (D:3)
  7 bats
  A bat skeleton (D:4)
  2 giant cockroaches
  10 hobgoblins
  9 jackals
  10 kobolds
  2 quokkas
  A ball python (D:1)
  10 giant newts
  11 goblins
  A jackal skeleton (D:4)
  8 rats
94 creatures vanquished.

Vanquished Creatures (collateral kills)
  An orc (D:3)
  A bat skeleton (D:4)
  2 goblins
  A hobgoblin (D:3)
  A rat (D:4)
6 creatures vanquished.

Grand Total: 100 creatures vanquished

Notes
Turn   | Place    | Note
--------------------------------------------------------------
     0 | D:1      | bal the Troll Transmuter began the quest for the Orb.
     0 | D:1      | Reached XP level 1. HP: 18/18 MP: 1/1
   166 | D:1      | Reached XP level 2. HP: 26/26 MP: 0/3
   560 | D:1      | Reached skill level 1 in Fighting
   585 | D:1      | Reached XP level 3. HP: 33/33 MP: 4/4
   741 | D:2      | Learned a level 2 spell: Sticks to Snakes
  1083 | D:2      | Found a glowing golden altar of the Shining One.
  1293 | D:2      | Reached XP level 4. HP: 39/41 MP: 5/5
  1340 | D:2      | Found a faded altar to an unknown god.
  1416 | D:2      | Noticed Crazy Yiuf
  1483 | D:2      | Killed Crazy Yiuf
  1746 | D:3      | Reached XP level 5. HP: 12/48 MP: 2/6
  2032 | D:3      | Found a snail-covered altar of Cheibriados.
  2032 | D:3      | Found a shadowy altar of Dithmenos.
  2055 | D:3      | Became a worshipper of Dithmenos the Shadowed
  2739 | D:4      | Reached skill level 1 in Stealth
  2739 | D:4      | Reached XP level 6. HP: 36/57 MP: 7/7
  3232 | D:4      | Gained mutation: You possess an exceptional clarity of mind. [potion of mutation]
  3232 | D:4      | Gained mutation: You can spit weak poison. [potion of mutation]
  3232 | D:4      | Gained mutation: Scrolls take you a little longer to read. [potion of mutation]
  3233 | D:4      | Gained mutation: Your muscles are strong. (Str +2) [potion of beneficial mutation]
  3282 | D:5      | Entered Level 5 of the Dungeon
  3382 | D:5      | Splashed by a jelly's acid

Vault maps used:
D:1:      dpeg_arrival_tiny_j, minmay_lizard_king
D:2:      nicolae_tso_carved_into_rock, ecumenical_altar_2, first_bread,
          uniq_crazy_yiuf_cottage
D:3:      minmay_door_path, cheibriados_altar_1, nicolae_dithmenos_shadow_blocks
D:4:      minivault_26
D:5:      lightli_temple_of_fire, fedhas_altar_3, kennysheep_generic_room_8,
          uniq_blork_the_orc, uniq_prince_ribbit1, uniq_duvessa

Action                   |  1- 3 |  4- 6 || total
-------------------------+-------+-------++-------
Melee: Unarmed           |   131 |    29 ||   160
       Quarterstaff      |       |    44 ||    44
       Dagger            |       |    81 ||    81
Throw: Tomahawk          |    14 |       ||    14
 Cast: Beastly Appendage |    16 |    14 ||    30
       Sticks to Snakes  |     2 |    11 ||    13
  Use: Scroll            |       |    13 ||    13
       Potion            |       |     8 ||     8
 Stab: Petrifying        |       |     1 ||     1
       Sleeping          |       |     2 ||     2
  Eat: Chunk             |    13 |    17 ||    30
       Bread ration      |       |     1 ||     1
